 Dungeon Crawl Stone Soup version 0.29-a0-541-gaf1fc19f1b (webtiles) character file.

Game seed: 2788949157213055180

2125 grumblor the Archer (level 9, -4/45 HPs)
             Began as a Spriggan Hunter on June 3, 2022.
             Was an Initiate of Gozag.
             Slain by an orc warrior
             ... wielding a +0 glaive
              (11 damage)
             ... on level 6 of the Dungeon.
             The game lasted 00:12:36 (6453 turns).

grumblor the Archer (Spriggan Hunter)               Turns: 6453, Time: 00:12:36

Health: -4/45      AC:  4    Str:  7    XL:     9   Next: 8%
Magic:  10/10      EV: 23    Int: 11    God:    Gozag
Gold:   406        SH:  0    Dex: 22    Spells: 8/8 levels left

rFire   . . .      SeeInvis +   a - +1 shortbow
rCold   . . .      Faith    .   (shield currently unavailable)
rNeg    + . .      Spirit   .   b - +1 robe
rPois   .          Reflect  .   (helmet restricted)
rElec   .          Harm     .   q - +0 cloak
rCorr   .          Rampage  .   (gloves unavailable)
Will    ++...                   (boots unavailable)
Stlth   +++.......              (no amulet)
HPRegen 0.15/turn               o - ring of positive energy
MPRegen 0.12/turn               r - ring of willpower

@: very quick
A: very small, no large weapons, unfitting armour, see invisible, speed 3
a: Renounce Religion, Potion Petition, Call Merchant, Bribe Branch


You were on level 6 of the Dungeon.
You worshipped Gozag.
Gozag was aware of your devotion.
You visited 2 branches of the dungeon, and saw 7 of its levels.

You collected 494 gold pieces.
You paid 88 gold pieces to Gozag.

Inventory:

Hand Weapons
 a - a +1 shortbow (weapon)
 u - a +4 spear
Missiles
 d - 9 boomerangs
 h - 6 boomerangs of dispersal
 n - 9 poisoned darts
 t - 2 throwing nets
Armour
 b - a +1 robe (worn)
 q - a +0 cloak (worn)
Jewellery
 m - an amulet of faith
 o - a ring of positive energy (left hand)
 r - a ring of willpower (right hand)
Wands
 i - a wand of iceblast (4)
 y - a wand of flame (10)
 B - a wand of digging (7)
 C - a wand of polymorph (2)
Scrolls
 c - 4 scrolls of immolation
 f - 3 scrolls of teleportation
 x - a scroll of enchant armour
Potions
 e - 4 potions of mutation
 g - 3 potions of heal wounds
 j - 6 potions of curing
 k - 2 potions of invisibility
 l - a potion of magic
 p - 2 potions of berserk rage {unknown}
 s - 3 potions of flight
 v - a potion of brilliance {unknown}
 w - a potion of ambrosia {unknown}
 z - a potion of resistance {unknown}
 A - a potion of cancellation {unknown}


   Skills:
 + Level 3.9 Fighting
 - Level 2.0 Short Blades
 - Level 2.0 Polearms
 + Level 11.1 Bows
 * Level 7.0 Dodging
 + Level 3.0 Stealth
 * Level 4.4 Evocations


You had 8 spell levels left.
You didn't know any spells.
Your spell library was empty.

Dungeon Overview and Level Annotations

Branches:
Dungeon (6/15)             Temple (1/1) D:4

Altars:
Ashenzari
Cheibriados
Dithmenos
Elyvilon
Fedhas
Gozag
Hepliaklqana
Kikubaaqudgha
Makhleb
Nemelex Xobeh
Qazlal
Ru
Sif Muna
Trog
Uskayaw
Vehumet
Wu Jian
Xom
Yredelemnul
Zin
The Shining One

Shops:
D:2 :   D:3 [   D:5 [


Innate Abilities, Weirdness & Mutations

You are very small and have problems with some larger weapons.
You are too small for most types of armour.
You have supernaturally acute eyesight. (SInv)
You cover ground extremely quickly. (Speed+++)


Message History

Items here: )))) [[.
You now have 406 gold pieces (gained 5).
Things that are here:
a +0 club; a +0 scale mail
Items here: )))) [[.
Okay, then.
There is a stone staircase leading down, spattered with blood here.
You start resting.
HP restored.
Items here: )))) [[.
Okay, then.
There is a stone staircase leading down, spattered with blood here.
You climb downwards.
There is a stone staircase leading up, spattered with blood here.
You shoot an arrow. The white imp shouts!
The arrow hits the orc warrior but does no damage.
The orc warrior hits you from afar with a +0 glaive!
You shoot an arrow.
The arrow hits the orc warrior but does no damage.
The gnoll barely misses you. The orc warrior completely misses you.
The white imp gestures at you. The puff of frost hits you!
You shoot an arrow.
The arrow barely misses the orc warrior.
You shoot an arrow.
The arrow completely misses the orc warrior.
The gnoll misses you. The orc warrior closely misses you.
You shoot an arrow. The arrow hits the white imp!
The white imp is severely wounded.
The gnoll hits you from afar with a +0 spear.
The orc warrior hits you from afar with a +0 glaive!
* * * LOW HITPOINT WARNING * * *
The white imp misses you.
Unknown command.
The gnoll hits you from afar with a +0 spear.
* * * LOW HITPOINT WARNING * * *
The orc warrior hits you from afar with a +0 glaive!
You die...
Your body crumbles into a pile of gold.

############
#..........##
............##
..........g.)#
....:...).o5@#
.....g.......#
..........>..#
........$....#
...$........##
...........#####
.#g###.##...##.#
..............#
#.........#$.#


You could see an orc warrior, 2 gnolls and a white imp.

Vanquished Creatures
  Grinder (D:5)
  Sigmund (D:3)
  2 sky beasts
  An ice beast (D:5)
  A centaur (D:5)
  A phantom (D:6)
  2 necrophages
  Blork the orc (D:5)
  A scorpion (D:6)
  5 wights (D:5)
  5 hounds
  Crazy Yiuf (D:3)
  A gnoll shaman (D:5)
  Ijyb (D:5)
  Natasha (thrice) (D:3)
  4 iguanas (D:5)
  5 orc wizards
  9 gnolls
  7 adders
  2 white imps (D:5)
  An ufetubus (D:4)
  2 worms
  4 dart slugs
  23 orcs
  5 bats
  5 endoplasms
  4 giant cockroaches
  4 goblins
  4 hobgoblins
  9 kobolds
  5 quokkas
  5 ball pythons
  4 frilled lizards
  7 rats
136 creatures vanquished.

Vanquished Creatures (others)
  12 fungi (D:5)
  A plant (D:3)
13 creatures vanquished.

Grand Total: 149 creatures vanquished

Notes
Turn   | Place    | Note
-------+----------+-------------------------------------------
     0 | D:1      | grumblor the Spriggan Hunter began the quest for the Orb.
     0 | D:1      | Reached XP level 1. HP: 10/10 MP: 2/2
   237 | D:1      | Reached skill level 5 in Bows
   378 | D:1      | Reached XP level 2. HP: 15/15 MP: 3/3
   580 | D:1      | Found a faded altar of an unknown god.
  1114 | D:2      | Found Sutits's Book Emporium.
  1168 | D:2      | Reached XP level 3. HP: 18/18 MP: 4/4
  1872 | D:3      | Reached skill level 6 in Bows
  1901 | D:3      | Noticed Natasha
  1910 | D:3      | Killed Natasha
  1911 | D:3      | Reached skill level 1 in Short Blades
  1911 | D:3      | Reached XP level 4. HP: 22/23 MP: 5/5
  1953 | D:3      | Noticed Sigmund
  1960 | D:3      | Killed Sigmund
  1961 | D:3      | Reached skill level 7 in Bows
  1961 | D:3      | Reached XP level 5. HP: 26/26 MP: 6/6
  2011 | D:3      | Identified the +6 short sword "Elase Xoat" {elec, Str+4}
  2028 | D:3      | Reached XP level 6. HP: 28/31 MP: 7/7
  2064 | D:3      | Noticed a sky beast
  2134 | D:3      | Killed a sky beast
  2153 | D:3      | Noticed Natasha
  2158 | D:3      | Killed Natasha
  2159 | D:3      | Reached skill level 8 in Bows
  2170 | D:3      | Noticed Natasha
  2176 | D:3      | Killed Natasha
  2592 | D:3      | Found a runed translucent door.
  2593 | D:3      | Noticed Crazy Yiuf
  2658 | D:3      | Found Icziq's Antique Armour Boutique.
  3012 | D:3      | Killed Crazy Yiuf
  3090 | D:4      | Reached XP level 7. HP: 35/35 MP: 8/8
  3389 | D:4      | Reached skill level 9 in Bows
  3613 | D:4      | Reached skill level 5 in Dodging
  3794 | D:4      | You fall into a shaft and drop 1 floor!
  3794 | D:5      | Entered Level 5 of the Dungeon
  3948 | D:5      | Reached XP level 8. HP: 40/40 MP: 9/9
  4186 | D:5      | Found Tetetrum's Armour Shop.
  4254 | D:5      | Reached skill level 1 in Polearms
  4275 | D:5      | Noticed Ijyb
  4340 | D:5      | Noticed Grinder
  4351 | D:5      | Reached skill level 10 in Bows
  4375 | D:5      | Killed Grinder
  4432 | D:4      | Found a staircase to the Ecumenical Temple.
  4440 | Temple   | Entered the Ecumenical Temple
  4702 | Temple   | Became a worshipper of Gozag Ym Sagoz the Greedy
  5114 | D:5      | Noticed Blork the orc
  5136 | D:5      | Killed Blork the orc
  5587 | D:5      | Reached XP level 9. HP: 37/45 MP: 10/10
  5721 | D:5      | Reached skill level 11 in Bows
  6342 | D:5      | Killed Ijyb
  6453 | D:6      | Slain by an orc warrior

Illustrated notes

Levels and vault maps discovered:
D:1:      dpeg_arrival_erosion, layout_basic, ebering_ecumenical_altar_ruins
D:2:      layout_basic, serial_shops, shop_fountains, minmay_tree_intersection,
          lemuel_old_faithful
D:3:      layout_basic, serial_shops, nicolae_shop_crystal, saegor_snake_ambush,
          uniq_sigmund, uniq_crazy_yiuf_cottage, uniq_natasha
D:4:      layout_loops_ring, temple_doors_ab
D:5:      layout_rooms, serial_aquarium, aquarium_bridge_long_separate
          [aquarium_subvault_bridge, aquarium_subvault_bridge,
          aquarium_subvault_bridge, aquarium_subvault_balcony,
          aquarium_subvault_bridge, aquarium_subvault_window],
          aquarium_window_1, aquarium_window_1, aquarium_window_3,
          aquarium_window_fake, aquarium_view_2c, aquarium_pool_2, serial_shops,
          nicolae_lakefront_shop, uniq_ijyb, uniq_grinder, uniq_blork_the_orc
D:6:      layout_rooms, chequers_serial_rivers_micro_c, minmay_between
Temple:   mainiacjoe_temple_hex_bubbles

Skill      XL: |  1  2  3  4  5  6  7  8  9 |
---------------+----------------------------+-----
Bows           | 5 6 7 8 9 10 11 | 11.1
Dodging        | 3 4 5 6 7 |  7.0
Fighting       | 2 3 |  3.9
Short Blades   | 1 2 |  2.0
Evocations     | 2 4 |  4.4
Polearms       | 2 |  2.0
Stealth        | 3 |  3.0

Action                   |  1- 3 |  4- 6 |  7- 9 || total
-------------------------+-------+-------+-------++-------
 Fire: Shortbow          |   105 |    83 |   337 ||   525
  Use: Scroll            |     8 |     1 |     7 ||    16
Armor: Robe              |     2 |       |    13 ||    15
Dodge: Dodged            |    34 |    18 |   208 ||   260

Table legend: (Time is in decaauts)
 A = Elapsed time spent in this place.
 B = Non-inter-level travel time spent in this place.
 C = Inter-level travel time spent in this place.
 D = Time resting spent in this place.
 E = Time spent auto-exploring this place.
 F = Levels seen in this place.
 G = Mean time per level.
                   A        B        C        D        E       F      G
               +--------+--------+--------+--------+--------+-----+--------+
         Total |   5010 |   4838 |    172 |    538 |   3252 |   7 |  715.7 |
       Dungeon |   4833 |   4690 |    143 |    538 |   3108 |   6 |  805.5 |
        Temple |    177 |    149 |     28 |      0 |    143 |   1 |  177.0 |
               +--------+--------+--------+--------+--------+-----+--------+

Top non-repeatable levels by time:
     D:5: 1444 daAuts
     D:3: 986 daAuts
     D:4: 846 daAuts
     D:1: 840 daAuts
     D:2: 504 daAuts
     D:6: 211 daAuts
  Temple: 177 daAuts
